 Dungeon Crawl Stone Soup version 0.29.1-15-g9cfb28693d (webtiles) character file.

Game seed: 1245045268115228743

51 javelincjr the Trooper (level 3, 0/29 HPs)
             Began as a Demonspawn Abyssal Knight on Mar 26, 2023.
             Was a Believer of Lugonu.
             Slain by an orc
             ... wielding a +0 hand axe
              (2 damage)
             ... on level 3 of the Dungeon.
             The game lasted 00:02:41 (1290 turns).

javelincjr the Trooper (Demonspawn Abyssal Knight)  Turns: 1290, Time: 00:02:41

Health: 0/29       AC:  4    Str: 13    XL:     3   Next: 58%
Magic:  5/5        EV: 11    Int: 13    God:    Lugonu [**....]
Gold:   59         SH:  0    Dex: 13    Spells: 2/2 levels left

rFire   . . .      SeeInvis .   a - +1 hand axe
rCold   . . .      Faith    .   (no shield)
rNeg    . . .      Spirit   .   b - +0 leather armour
rPois   .          Reflect  .   (no helmet)
rElec   .          Harm     .   e - +0 cloak
rCorr   .          Rampage  .   (no gloves)
Will    .....                   (no boots)
Stlth   +.........              (no amulet)
HPRegen 0.09/turn               (no ring)
MPRegen 0.09/turn               (no ring)

@: no status effects
A: condensation shield, weakness stinger 1
a: Renounce Religion, Depart the Abyss, Bend Space


You were on level 3 of the Dungeon.
You worshipped Lugonu.
Lugonu was pleased with you.
You visited 1 branch of the dungeon, and saw 4 of its levels.
You visited the Abyss 1 time.

You collected 59 gold pieces.

Inventory:

Hand Weapons
 a - a +1 hand axe (weapon)
Armour
 b - a +0 leather armour (worn)
 e - a +0 cloak (worn)
Scrolls
 f - a scroll of identify {unknown}
 g - a scroll of teleportation {unknown}
 h - 2 scrolls of immolation {unknown}
Potions
 c - a potion of flight {unknown}
 d - a potion of lignification {unknown}
 i - a potion of heal wounds {unknown}
 j - a potion of cancellation {unknown}
 k - a potion of resistance {unknown}
 l - a potion of degeneration {unknown}


   Skills:
 + Level 3.3 Fighting
 + Level 2.2 Axes
 + Level 2.2 Armour
 + Level 1.5 Dodging
 + Level 3.2 Invocations


You had 2 spell levels left.
You didn't know any spells.
Your spell library was empty.

Dungeon Overview and Level Annotations

Branches:
Dungeon (4/15)
 Temple: D:4-7

Altars:


Innate Abilities, Weirdness & Mutations

A meltable shield of frost defends you. (SH +0)
You have a small tail.


Message History

The orc wizard hits you with a +0 dagger.
The orc wizard gestures at you while chanting.
The puff of flame misses you.
You hit the orc wizard.
The orc wizard is almost dead.
You hit the orc. You slash the orc!
You kill the orc!
Lugonu accepts your kill.
You closely miss the orc wizard. The orc wizard barely misses you.
Your Invocations skill increases to level 3!
You barely miss the orc wizard.
The orc wizard is almost dead.
You hit the orc but do no damage. You hit the orc wizard.
You kill the orc wizard!
Lugonu accepts your kill. The orc barely misses you.
You have reached level 3!
Your experience leads to an increase in your attributes!
Increase (S)trength, (I)ntelligence, or (D)exterity?
You feel clever. x2; Your demonic ancestry asserts itself...
You grow a small tail.
You barely miss the orc. You tail-slap the orc.
The orc is lightly wounded.
The orc barely misses you. The orc hits you with a +0 short sword.
* * * LOW HITPOINT WARNING * * *
You hit the orc but do no damage. x2; The orc barely misses you.
The orc misses you.
You hit the orc.
The orc is almost dead.
You closely miss the orc. The orc misses you. The orc barely misses you.
You hit the orc but do no damage.
You tail-slap the orc, but do no damage.
The orc is almost dead.
You barely miss the orc. The orc closely misses you.
The orc hits you with a +0 hand axe!
* * * LOW HITPOINT WARNING * * *
You hit the orc but do no damage. You barely miss the orc.
The orc barely misses you. The orc hits you with a +0 hand axe.
You die...

..... ...
... ...
#.# #.#
#.# #>#
#@#
......oo.+
......####
#.##.# ##


You could see 2 orcs.

Vanquished Creatures
  An orc wizard (D:3)
  A dart slug (D:1)
  2 orcs (D:3)
  3 endoplasms (D:1)
  2 goblins (D:1)
  2 hobgoblins
  3 jackals (D:1)
  A ball python (D:1)
  5 kobolds
  A rat (D:1)
21 creatures vanquished.

Notes
Turn   | Place    | Note
-------+----------+-------------------------------------------
     0 | Abyss:1  | javelincjr the Demonspawn Abyssal Knight began the quest
                  | for the Orb.
     0 | Abyss:1  | Reached XP level 1. HP: 18/18 MP: 2/2
     1 | Abyss:1  | Found a corrupted altar of Lugonu.
     6 | Abyss:1  | Noticed a large abomination
    51 | Abyss:1  | Noticed a thrashing horror
    51 | Abyss:1  | Noticed a raiju
    52 | D:1      | Escaped the Abyss
   361 | D:1      | Found a faded altar of an unknown god.
   441 | D:1      | Reached skill level 1 in Dodging
   498 | D:1      | Gained mutation: A meltable shield of frost defends you.
                  | (SH +0) [demonic ancestry]
   498 | D:1      | Reached XP level 2. HP: 18/24 MP: 4/4
  1265 | D:2      | You fall into a shaft and drop 2 floors!
  1286 | D:3      | Gained mutation: You have a small tail. [demonic ancestry]
  1286 | D:3      | Reached XP level 3. HP: 13/29 MP: 5/5
  1290 | D:3      | Slain by an orc

Illustrated notes

Levels and vault maps discovered:
D:1:      doesnt_arrival_eight_statues, layout_rooms,
          shapermc_ecumenical_altar_venn
D:2:      layout_basic, basic_altar, minmay_misc_feat_rugged,
          minmay_box_of_dots, uniq_jessica
D:3:      layout_loops_corners, gammafunk_temple_overflow_arena,
          kennysheep_minor_cross, st_stairs_2
D:4:      layout_basic, lemuel_zombie_altar_yredelemnul,
          minmay_temple_entry_wispy, serial_shops, shop

Skill      XL: |  1  2 |
---------------+-------+-----
Dodging        | 1 |  1.5
Axes           | 2 |  2.2
Armour         | 2 |  2.2
Invocations    | 3 |  3.2
Fighting       | |  3.3

Action                   || total
-------------------------++-------
Melee: Hand axe          ||    63
       Tailslap          ||     2
Invok: Depart the Abyss  ||     1
 Stab: Sleeping          ||     1
Armor: Leather armour    ||    14
Dodge: Dodged            ||    41
Block: Other             ||     4
